 Dungeon Crawl Stone Soup version 0.19-a0-1899-g2d93087 (webtiles) character file.

239 Ijustatesigmund the Conjurer (level 6, -5/34 HPs)
             Began as a Gargoyle Wizard on Oct 19, 2016.
             Killed from afar by an orc wizard (9 damage)
             ... with a magic dart
             ... on level 4 of the Dungeon.
             The game lasted 00:13:58 (3997 turns).

Ijustatesigmund the Conjurer (Gargoyle Wizard)      Turns: 3997, Time: 00:13:59

Health: -5/34      AC:  9    Str: 16    XL:     6   Next: 7%
Magic:  10/10      EV: 11    Int: 18    God:
Gold:   191        SH:  0    Dex: 10    Spells: 4 memorised, 3 levels left

rFire  . . .     SeeInvis .     e - +0 club
rCold  + . .     Gourm    .     x - +0 leather armour
rNeg   + . .     Faith    .     (no shield)
rPois  ∞         Spirit   .     b - +0 hat
rElec  +         Reflect  .     i - +0 cloak
rCorr  .         Harm     .     (no gloves)
MR     .....                    o - +0 pair of boots
Stlth  ++........               (no amulet)
                                (no ring)
                                h - +5 ring of strength

@: repel missiles
A: cold resistance 1, negative energy resistance 1, electricity resistance,
unbreathing, petrification resistance, rot immunity, AC +4
a: no special abilities


You were on level 4 of the Dungeon.
You were hungry.

You visited 1 branch of the dungeon, and saw 4 of its levels.

You collected 191 gold pieces.

Inventory:

Hand Weapons
 e - a +0 club (weapon)
Missiles
 y - 2 javelins (quivered)
Armour
 a - a +0 robe
 b - a +0 hat (worn)
 i - a +0 cloak (worn)
 o - a +0 pair of boots (worn)
 x - a +0 leather armour (worn)
Jewellery
 h - a +5 ring of strength (left hand)
Scrolls
 f - a scroll of immolation {unknown}
 j - a scroll of enchant armour {unknown}
 l - a scroll of remove curse
 u - a scroll of amnesia {unknown}
 v - a scroll of recharging {unknown}
Potions
 g - a potion of magic
 p - a potion of brilliance
 q - a potion of flight
 s - 2 potions of cancellation {unknown}
Books
 c - a book of Minor Magic

   Spells                             Type                      Level
   a - Magic Dart                     Conjuration                  1
   b - Blink                          Translocation                2
   c - Call Imp                       Summoning                    2
   d - Repel Missiles                 Charms/Air                   2
   e - Slow                           Hexes                        2
   f - Conjure Flame                  Conjuration/Fire             3
   g - Mephitic Cloud                 Conjuration/Poison/Air       3
Comestibles
 d - 2 bread rations
 t - a meat ration


   Skills:
 + Level 1.3 Fighting
 - Level 2.0 Maces & Flails
 + Level 0.9 Armour
 - Level 1.7 Dodging
 - Level 2.2 Stealth
 - Level 3.1 Spellcasting
 - Level 3.2 Conjurations
   Level 0.8 Summonings
 - Level 2.1 Translocations
 + Level 1.4 Air Magic
 + Level 1.5 Poison Magic


You had 3 spell levels left.
You knew the following spells:

 Your Spells              Type           Power        Failure   Level  Hunger
a - Magic Dart            Conj           ##..         6%          1    None
b - Blink                 Tloc           N/A          14%         2    ##.....
c - Repel Missiles        Chrm/Air       #.....       21%         2    ##.....
d - Mephitic Cloud        Conj/Pois/Air  ##......     30%         3    ###....


Dungeon Overview and Level Annotations

Branches:
Dungeon (4/15)
 Temple: D:4-7

Altars:


Innate Abilities, Weirdness & Mutations

You are resistant to torment.
Your stone body is resilient. (AC +4)
You are immune to poison.
You resist negative energy. (rN+)
You are resistant to electric shocks. (rElec)
You can survive without breathing.
You are immune to petrification.
You are immune to rotting.
Your flesh is cold resistant. (rC+)


Message History

You hit something but do no damage. Something hits you but does no damage.
You hit something.
Something hits you but does no damage. x2
You hit something but do no damage.
You hear some strange, mumbled words.
Something tries to affect you, but you resist.
You closely miss something.
You hear some strange, mumbled words.
A puff of flame appears from out of thin air!
The puff of flame hits you!
* * * LOW HITPOINT WARNING * * *
You hit something but do no damage.
You hear some strange, mumbled words.
A magic dart appears from out of thin air!
The magic dart hits you!
* * * LOW HITPOINT WARNING * * *
You hit something but do no damage.
You hear some strange, mumbled words.
A magic dart appears from out of thin air!
The magic dart hits you!
You die...

# # #. .## #.# #.#
.....#
#.#.#.##.########
#.o...##......<.#
#.#########.####.
#..).oo{@..#...#.#
###########.##.#.#
#.##.#.# #.##.#.#
## #.##.#.# #.
#.#....##### #.
#..........# #.
###....###.# ##
##.#.# #.####


You could see 2 orcs.

Vanquished Creatures
  A centaur skeleton (D:4)
  A hound (D:4)
  An orc wizard (D:4)
  A worker ant (D:4)
  A hound skeleton (D:4)
  2 adders
  An ooze (D:4)
  A worm (D:2)
  A dart slug (D:1)
  5 leopard geckos
  2 orcs
  6 bats
  6 giant cockroaches
  9 goblins
  10 hobgoblins
  11 jackals
  2 quokkas (D:2)
  2 ball pythons (D:1)
  5 frilled lizards
  6 kobolds
  6 rats
80 creatures vanquished.

Notes
Turn   | Place    | Note
-------+----------+-------------------------------------------
     0 | D:1      | Ijustatesigmund the Gargoyle Wizard began the quest for the Orb.
     0 | D:1      | Reached XP level 1. HP: 10/10 MP: 4/4
   295 | D:1      | Reached XP level 2. HP: 15/15 MP: 0/6
   458 | D:1      | Learned a level 2 spell: Blink
   461 | D:1      | Learned a level 2 spell: Repel Missiles
   526 | D:1      | Reached skill level 1 in Translocations
   901 | D:1      | Reached XP level 3. HP: 19/19 MP: 5/7
  1464 | D:2      | Reached skill level 1 in Maces & Flails
  1607 | D:2      | Reached XP level 4. HP: 16/24 MP: 1/8
  2426 | D:2      | Learned a level 3 spell: Mephitic Cloud
  3109 | D:3      | You fall through a shaft!
  3383 | D:4      | Reached XP level 5. HP: 25/28 MP: 2/9
  3592 | D:4      | Gained mutation: Your flesh is cold resistant. (rC+) [potion of beneficial mutation]
  3665 | D:4      | Reached skill level 1 in Air Magic
  3665 | D:4      | Reached skill level 1 in Poison Magic
  3792 | D:4      | Reached skill level 1 in Fighting
  3926 | D:4      | Reached XP level 6. HP: 15/34 MP: 5/10
  3997 | D:4      | Killed from afar by an orc wizard

Vault maps used:
D:1:      enne_arrival_octagon_isle
D:2:      kennysheep_generic_room_8
D:3:      first_bread
D:4:      uniq_menkaure

Skill      XL: |  1  2  3  4  5 |
---------------+----------------+-----
Conjurations   | 2 3 |  3.2
Translocations | 1 2 |  2.1
Maces & Flails | 1 2 |  2.0
Air Magic      | 1 |  1.4
Poison Magic   | 1 |  1.5
Fighting       | 1 |  1.3
Armour         | |  0.9
Dodging        | |  1.7
Stealth        | |  2.2
Spellcasting   | |  3.1
Summonings     | |  0.8

Action                   |  1- 3 |  4- 6 || total
-------------------------+-------+-------++-------
Melee: Club              |    39 |   135 ||   174
Throw: Javelin           |       |     2 ||     2
 Cast: Magic Dart        |    81 |   122 ||   203
       Repel Missiles    |     1 |       ||     1
  Use: Scroll            |     5 |    10 ||    15
       Potion            |       |     6 ||     6
 Stab: Sleeping          |       |     1 ||     1
  Eat: Chunk             |     2 |     4 ||     6
       Beef jerky        |       |     1 ||     1
       Pizza             |       |     1 ||     1
Armor: Robe              |    29 |    60 ||    89
       Leather armour    |       |    44 ||    44
Dodge: Dodged            |    31 |    93 ||   124
       Deflected         |     1 |     3 ||     4
